 Dungeon Crawl Stone Soup version 0.19.1 (webtiles) character file.

122 yeeve the Cudgeler (level 5, 0/32 HPs)
             Began as a Gargoyle Berserker on Dec 21, 2016.
             Was a Believer of Trog.
             Killed by divine providence
             ... invoked by an orc priest
              (14 damage)
             ... on level 3 of the Dungeon.
             The game lasted 00:04:40 (2845 turns).

yeeve the Cudgeler (Gargoyle Berserker)             Turns: 2845, Time: 00:04:41

Health: 0/32       AC: 10    Str: 20    XL:     5   Next: 6%
Magic:  5/5        EV: 10    Int:  8    God:    Trog [**....]
Gold:   67         SH:  0    Dex: 10    Spells: 0 memorised, 4 levels left

rFire  . . .     SeeInvis .     a - +0 mace
rCold  . . .     Gourm    .     o - +0 scale mail (curse)
rNeg   + . .     Faith    .     (no shield)
rPois  ∞         Spirit   .     (no helmet)
rElec  +         Reflect  .     (no cloak)
rCorr  .         Harm     .     (no gloves)
MR     ++...                    (no boots)
Stlth  ..........               (no amulet)
                                (no ring)
                                (no ring)

@: regenerating
A: negative energy resistance 1, electricity resistance, unbreathing,
petrification resistance, rot immunity, AC +4
a: Berserk, Trog's Hand, Burn Spellbooks, Renounce Religion


You were on level 3 of the Dungeon.
You worshipped Trog.
Trog was pleased with you.
You were very hungry.

You visited 1 branch of the dungeon, and saw 3 of its levels.

You collected 67 gold pieces.

Inventory:

Hand Weapons
 a - a +0 mace (weapon)
Missiles
 e - 121 stones (quivered)
Armour
 b - a +0 animal skin
 n - a +0 leather armour
 o - a cursed +0 scale mail (worn)
Jewellery
 k - an uncursed ring of ice {unknown}
 q - an uncursed ring of resist corrosion {unknown}
Scrolls
 f - a scroll of fear {unknown}
 g - a scroll of immolation {unknown}
 h - 4 scrolls of identify {unknown}
 j - 4 scrolls of recharging {unknown}
 p - a scroll of enchant weapon {unknown}
Potions
 d - 2 potions of lignification {unknown}
 i - a potion of might {unknown}
 m - a potion of haste {unknown}
Comestibles
 c - 3 bread rations
 l - 2 fruits


   Skills:
 + Level 3.2 Fighting
 * Level 5.5 Maces & Flails
 + Level 2.3 Armour
 - Level 1.5 Dodging


You had 4 spell levels left.
You didn't know any spells.

Dungeon Overview and Level Annotations

Branches:
Dungeon (3/15)

Altars:
Nemelex Xobeh


Innate Abilities, Weirdness & Mutations

You are resistant to torment.
Your stone body is resilient. (AC +4)
You are immune to poison.
You resist negative energy. (rN+)
You are resistant to electric shocks. (rElec)
You can survive without breathing.
You are immune to petrification.
You are immune to rotting.


Message History

You feel resistant to hostile enchantments.
You are feeling very hungry.
The orc priest hits you but does no damage.
You hit the orc priest but do no damage.
The orc priest is moderately wounded.
The orc priest barely misses you.
You closely miss the orc priest.
The orc priest is moderately wounded.
The orc priest hits you but does no damage.
You hit the orc priest.
The orc priest is heavily wounded.
The orc priest barely misses you.
You barely miss the orc priest.
The orc priest is heavily wounded.
The orc priest looks braver for a moment.
You barely miss the orc priest.
The orc priest is heavily wounded.
The orc priest invokes the aid of Beogh against you.
Beogh smites you!
You die...

#.............#
#.#
###.###.####..#
#.# #. #.# #..#
#.# # #.# #..#
#.# #.# #..#
#.# #.#
#..#####.# #.#
#.<......#
.......#.######
#.### ##9## ..#
##o# #.###.##
##.#o## #.o.##
#.### #># #.#
#o#


You could see an orc priest.

Vanquished Creatures
  Natasha (twice) (D:2)
  An ooze (D:1)
  2 worms (D:2)
  A dart slug (D:1)
  A leopard gecko (D:2)
  9 orcs
  4 giant cockroaches (D:1)
  7 goblins
  7 hobgoblins
  3 kobolds
  5 bats
  A frilled lizard (D:2)
  3 rats
46 creatures vanquished.

Notes
Turn   | Place    | Note
-------+----------+-------------------------------------------
     0 | D:1      | yeeve the Gargoyle Berserker began the quest for the Orb.
     0 | D:1      | Reached XP level 1. HP: 14/14 MP: 1/1
   249 | D:1      | Reached XP level 2. HP: 17/19 MP: 2/2
   585 | D:1      | Reached skill level 4 in Maces & Flails
   740 | D:1      | Reached XP level 3. HP: 9/23 MP: 3/3
  1694 | D:2      | Noticed Natasha
  1886 | D:2      | Found a sparkling altar of Nemelex Xobeh.
  1975 | D:2      | Killed Natasha
  1975 | D:2      | Reached skill level 5 in Maces & Flails
  1975 | D:2      | Reached XP level 4. HP: 14/28 MP: 4/4
  2204 | D:2      | Noticed Natasha
  2235 | D:2      | Killed Natasha
  2236 | D:2      | Reached ** piety under Trog
  2819 | D:3      | Reached XP level 5. HP: 32/32 MP: 5/5
  2845 | D:3      | Killed from afar by an orc priest

Skill      XL: |  1  2  3 |
---------------+----------+-----
Maces & Flails | 4 5 |  5.5
Fighting       | |  3.2
Armour         | |  2.3
Dodging        | |  1.5

Action                   |  1- 3 |  4- 6 || total
-------------------------+-------+-------++-------
Melee: Mace              |   116 |    52 ||   168
Invok: Berserk           |     1 |     2 ||     3
       Trog's Hand       |       |     1 ||     1
  Eat: Chunk             |     4 |     4 ||     8
Armor: Animal skin       |    38 |       ||    38
       Leather armour    |     4 |    16 ||    20
       Scale mail        |       |     5 ||     5
Dodge: Dodged            |    97 |    29 ||   126
